 Dungeon Crawl Stone Soup version 0.30-a0-140-gd1020e658a (webtiles) character file.

Game seed: 2740439881881624782

648 qw the Chopper (level 7, -1/43 HPs)
             Began as a Gargoyle Fighter on Sept 24, 2022.
             Slain by an ogre
             ... wielding a +0 giant club
              (18 damage)
             ... on level 5 of the Dungeon.
             The game lasted 00:01:42 (4515 turns).

qw the Chopper (Gargoyle Fighter)                   Turns: 4515, Time: 00:01:43

Health: -1/43      AC: 14    Str: 21    XL:     7   Next: 53%
Magic:  7/7        EV:  9    Int:  9    God:
Gold:   240        SH:  4    Dex:  9    Spells: 6/6 levels left

rFire   . . .      SeeInvis .    Y - +0 war axe
rCold   + . .      Faith    .    c - +0 buckler
rNeg    + . .      Spirit   .    b - +0 scale mail
rPois   inf        Reflect  .    (no helmet)
rElec   +          Harm     .    (no cloak)
rCorr   .          Rampage  .    a - +0 pair of gloves
Will    +....                    m - +1 pair of boots
Stlth   ..........               (no amulet)
HPRegen 0.14/turn                e - ring of willpower
MPRegen 0.10/turn                i - ring of protection from cold

@: no status effects
A: sickness immunity, AC +4, negative energy resistance 1, electricity
resistance, torment resistance 1, petrification resistance
a: no special abilities


You were on level 5 of the Dungeon.
You visited 1 branch of the dungeon, and saw 5 of its levels.
You also visited: Ossuary.

You collected 321 gold pieces.
You spent 81 gold pieces at shops.


Innate Abilities, Weirdness & Mutations

You are immune to sickness and miasma.
Your stone body is resilient. (AC +4)
You are immune to poison.
You resist negative energy. (rN+)
You are resistant to electric shocks. (rElec)
You are resistant to unholy torment.
You are immune to petrification.


   Skills:
 + Level 4.2 Fighting
 - Level 7.0 Axes
 - Level 3.2 Armour
 - Level 1.0 Dodging
 - Level 3.2 Shields


You had 6 spell levels left.
You didn't know any spells.
Your spell library was empty.

Inventory:

Hand Weapons
 o - a +0 flail
 Y - a +0 war axe (weapon)
Armour
 a - a +0 pair of gloves (worn)
 b - a +0 scale mail (worn)
 c - a +0 buckler (worn)
 g - a +0 helmet
 m - a +1 pair of boots (worn)
Jewellery
 e - a ring of willpower (left hand)
 i - a ring of protection from cold (right hand)
Scrolls
 q - a scroll of identify
Potions
 d - 6 potions of might
 f - 2 potions of attraction
 h - a potion of resistance {unknown}
 k - a potion of brilliance {unknown}
 l - 2 potions of curing
 n - a potion of heal wounds {unknown}
 r - a potion of cancellation {unknown}
 u - a potion of invisibility {unknown}

Dungeon Overview and Level Annotations

Branches:
Dungeon (5/15)            Ossuary (visited)
 Temple: D:4-7

Altars:
Trog
Zin

Shops:
D:2 [

Annotations:
D:3 3 runed translucent doors, BraveToast's ghost, amateur OgHu; qw's ghost, amateur GrFi; qw's ghost, weakling GrFi


Message History

You kill the iguana!
Your Axes skill increases to level 7!
You start resting.
HP restored.
Found a scroll of fear.
You see here a scroll of fear.
You see here a scroll of fear.
A dart slug comes into view.
4492 ||| Stepping ~*~*~tactically~*~*~ (hiding).
You start waiting.
A dart slug is nearby!
You slash the dart slug!
The dart slug is severely wounded.
The dart slug barely misses you.
You slash the dart slug!
You kill the dart slug!
You see here a dart slug corpse.
An ogre and a necrophage come into view.
You hit the necrophage.
The necrophage is lightly damaged.
The necrophage barely misses you.
You barely miss the necrophage.
The necrophage is lightly damaged.
The necrophage hits you.
You barely miss the necrophage.
The necrophage is lightly damaged.
You completely miss the ogre. The ogre barely misses you.
The necrophage hits you but does no damage.
The necrophage hits you.
You hit the necrophage.
The necrophage is lightly damaged.
You hit the ogre.
The ogre hits you with a +0 giant club!!
The necrophage hits you but does no damage.
You barely miss the ogre.
The ogre is lightly wounded.
You barely miss the necrophage.
The ogre hits you with a +0 giant club!!
You die...

..####..%.#...##..#
#....#...###.#
#....##..###.#
.....###.....?#
..#...# ##.....#
...#...# ###...# ..
#..## ####%#
####....# #....@..#
#.....On..#
..........#
.####.###.# .. #.#
... #.# ... .# ....


You could see an ogre and a necrophage.

Vanquished Creatures
  An elf zombie (Ossuary)
  A bullfrog (D:4)
  A necrophage (D:4)
  A scorpion (D:4)
  2 human zombies (Ossuary)
  2 orc priests
  A hound (D:4)
  2 iguanas
  4 mummies (Ossuary)
  6 adders
  An adder zombie (Ossuary)
  3 dart slugs
  8 orcs
  4 endoplasms
  4 giant cockroaches
  A gnoll zombie (Ossuary)
  3 goblins
  6 hobgoblins
  10 jackals
  5 kobolds
  A quokka (D:2)
  7 ball pythons
  5 bats (D:1)
  3 frilled lizards
  A goblin zombie (Ossuary)
  2 jackal zombies (Ossuary)
  2 kobold zombies (Ossuary)
  An orc zombie (Ossuary)
  3 rats
  A rat zombie (Ossuary)
92 creatures vanquished.

Notes
Turn   | Place    | Note
-------+----------+-------------------------------------------
     0 | D:1      | qw the Gargoyle Fighter began the quest for the Orb.
     0 | D:1      | Reached XP level 1. HP: 14/14 MP: 1/1
     0 | D:1      | 0 ||| qw: Version: 0.1.0-9-gbc19398
     0 | D:1      | 0 ||| qw: Game counter: 43
     0 | D:1      | 0 ||| qw: Always use a shield: true
     0 | D:1      | 0 ||| qw: God list: Okawaru
     0 | D:1      | 0 ||| qw: Allow faded altars: false
     0 | D:1      | 0 ||| qw: Do Orc after D:15 true
     0 | D:1      | 0 ||| qw: Do second Lair branch before Depths: true
     0 | D:1      | 0 ||| qw: Lair rune preference: random
     0 | D:1      | 0 ||| qw: Plans: Normal, Zot:1-4, God:TSO, Crypt, Tomb,
                  | Pan, Slime:5, Hells, Abyss, Orb
     0 | D:1      | 0 ||| PLANNING D:1-11
   105 | D:1      | Reached skill level 2 in Axes
   231 | D:1      | Reached XP level 2. HP: 18/19 MP: 2/2
   431 | D:1      | 431 ||| Stepping ~*~*~tactically~*~*~ (stealth).
   656 | D:1      | 656 ||| UPGRADING to +0 pair of boots.
   661 | D:1      | 661 ||| UPGRADING to ring of willpower.
   662 | D:1      | 662 ||| READING scroll labelled CYSUCL AHONE.
   663 | D:1      | 663 ||| READING scroll labelled JOIJASHRIRU.
   664 | D:1      | 664 ||| READING scroll labelled SULUS SEOHOL.
   669 | D:1      | 669 ||| READING scroll labelled BAL FIYDOA.
   725 | D:2      | Found Mauvu's Antique Armour Shoppe.
   736 | D:2      | Reached skill level 3 in Axes
   736 | D:2      | 736 ||| STAIRDANCE
   781 | D:2      | 781 ||| SHOPLISTING ancient leather armour (126 gold, have
                  | 96).
   781 | D:2      | 781 ||| SHOPLISTING bloodstained leather armour (126 gold,
                  | have 96).
   781 | D:2      | 781 ||| SHOPLISTING dazzling leather armour (126 gold, have
                  | 96).
   781 | D:2      | 781 ||| BUYING pair of gloves (81 gold).
   781 | D:2      | Bought a pair of gloves for 81 gold pieces
   781 | D:2      | 781 ||| SHOPLISTING plate armour (414 gold, have 15).
   781 | D:2      | 781 ||| SHOPLISTING shiny ring mail (126 gold, have 15).
   793 | D:2      | Reached XP level 3. HP: 19/23 MP: 3/3
  1077 | D:2      | Found a bloodstained altar of Trog.
  1083 | D:2      | 1083 ||| READING scroll of enchant armour.
  1083 | D:2      | 1083 ||| ENCHANTING +0 pair of boots.
  1379 | D:2      | Reached XP level 4. HP: 25/28 MP: 4/4
  1541 | D:2      | Found a faded altar of an unknown god.
  1668 | D:2      | Reached skill level 4 in Axes
  1698 | D:2      | 1698 ||| DROPPING +0 club.
  1699 | D:2      | 1699 ||| UPGRADING to +0 pair of gloves.
  1704 | D:2      | 1704 ||| UPGRADING to ring of protection from cold.
  1705 | D:2      | 1705 ||| READING 2 scrolls labelled ZUSAGO JITI.
  1706 | D:2      | 1706 ||| READING scroll labelled METYUST MIGAMA.
  1707 | D:2      | 1707 ||| DRINKING 2 lumpy black potions.
  1708 | D:2      | 1708 ||| DROPPING scroll of immolation.
  1911 | D:3      | 1911 ||| Stepping ~*~*~tactically~*~*~ (hiding).
  2104 | D:3      | Noticed BraveToast's ghost (amateur OgHu)
  2105 | D:3      | Found a runed translucent gate.
  2105 | D:3      | Noticed qw's ghost (weakling GrFi)
  2105 | D:3      | Noticed qw's ghost (amateur GrFi)
  2105 | D:3      | Noticed qw's ghost (weakling GrFi)
  2106 | D:3      | Found a runed translucent gate.
  2106 | D:3      | Found a runed translucent gate.
  2106 | D:3      | Noticed qw's ghost (amateur GrFi)
  2231 | D:3      | 2231 ||| Stepping ~*~*~tactically~*~*~ (hiding).
  2232 | D:3      | 2232 ||| Stepping ~*~*~tactically~*~*~ (hiding).
  2243 | D:3      | Reached XP level 5. HP: 21/32 MP: 5/5
  2360 | D:3      | 2360 ||| DROPPING +0 mace.
  2371 | D:3      | 2371 ||| Stepping ~*~*~tactically~*~*~ (stealth).
  2373 | D:3      | 2373 ||| Stepping ~*~*~tactically~*~*~ (stealth).
  2609 | D:3      | 2609 ||| READING scroll labelled YFFAPH PAHEYD.
  2624 | D:4      | 2624 ||| PLANNING OSSUARY
  2664 | D:4      | Reached skill level 5 in Axes
  2740 | D:4      | 2740 ||| Stepping ~*~*~tactically~*~*~ (stealth).
  2753 | D:4      | Reached XP level 6. HP: 35/38 MP: 6/6
  2797 | D:4      | Found a glowing silver altar of Zin.
  2897 | D:4      | 2897 ||| STAIRDANCE
  2930 | D:3      | 2930 ||| DRINKING 2 pink potions.
  3054 | D:4      | Reached skill level 1 in Dodging
  3063 | D:4      | 3063 ||| Stepping ~*~*~tactically~*~*~ (stealth).
  3064 | D:4      | 3064 ||| Stepping ~*~*~tactically~*~*~ (stealth).
  3082 | D:4      | Found a sand-covered staircase.
  3087 | Ossuary  | Entered an ossuary
  3105 | Ossuary  | HP: 8/38 [human zombie (4)]
  3106 | Ossuary  | 3106 ||| READING scroll of teleportation.
  3122 | Ossuary  | HP: 4/38 [elf zombie (5)]
  3125 | Ossuary  | Reached skill level 6 in Axes
  3125 | Ossuary  | Reached XP level 7. HP: 5/43 MP: 7/7
  3733 | Ossuary  | 3733 ||| READING 2 scrolls labelled CYNTAN XAGEOT.
  3834 | Ossuary  | 3834 ||| READING 2 scrolls labelled SESHEO GUPHY.
  3835 | Ossuary  | 3835 ||| READING 3 scrolls labelled USTRUD HALUOM.
  3836 | Ossuary  | 3836 ||| READING 2 scrolls of identify.
  3836 | Ossuary  | 3836 ||| IDENTIFYING coppery potion
  3837 | Ossuary  | 3837 ||| DROPPING potion of ambrosia.
  3838 | Ossuary  | 3838 ||| DROPPING scroll of silence.
  3839 | Ossuary  | 3839 ||| DROPPING scroll of amnesia.
  3840 | Ossuary  | 3840 ||| DROPPING 2 scrolls of fear.
  3855 | D:4      | 3855 ||| PLANNING D:1-11
  3860 | D:4      | 3860 ||| Stepping ~*~*~tactically~*~*~ (hiding).
  4015 | D:4      | 4015 ||| Stepping ~*~*~tactically~*~*~ (stealth).
  4077 | D:4      | 4077 ||| Stepping ~*~*~tactically~*~*~ (stealth).
  4091 | D:4      | 4091 ||| FLEEEEING.
  4092 | D:4      | 4092 ||| FLEEEEING.
  4093 | D:4      | 4093 ||| FLEEEEING.
  4094 | D:4      | 4094 ||| FLEEEEING.
  4095 | D:4      | 4095 ||| FLEEEEING.
  4096 | D:4      | 4096 ||| FLEEEEING.
  4097 | D:4      | 4097 ||| FLEEEEING.
  4098 | D:4      | 4098 ||| FLEEEEING.
  4100 | D:4      | 4100 ||| FLEEEEING.
  4101 | D:4      | 4101 ||| FLEEEEING.
  4102 | D:4      | 4102 ||| FLEEEEING.
  4103 | D:4      | 4103 ||| FLEEEEING.
  4104 | D:4      | 4104 ||| FLEEEEING.
  4105 | D:4      | 4105 ||| FLEEEEING.
  4106 | D:4      | 4106 ||| FLEEEEING.
  4107 | D:4      | 4107 ||| FLEEEEING.
  4108 | D:4      | 4108 ||| FLEEEEING.
  4109 | D:4      | 4109 ||| FLEEEEING.
  4110 | D:4      | 4110 ||| FLEEEEING.
  4111 | D:4      | 4111 ||| STAIRDANCE
  4252 | D:4      | 4252 ||| STAIRDANCE
  4322 | D:4      | 4322 ||| STAIRDANCE
  4403 | D:5      | Entered Level 5 of the Dungeon
  4454 | D:5      | 4454 ||| Stepping ~*~*~tactically~*~*~ (stealth).
  4470 | D:5      | Reached skill level 7 in Axes
  4492 | D:5      | 4492 ||| Stepping ~*~*~tactically~*~*~ (hiding).
  4515 | D:5      | Slain by an ogre

Levels and vault maps discovered:
D:1:      mainiacjoe_arrival_reflecting_pool, layout_basic
D:2:      minmay_wonky_spiral, layout_basic, serial_shops, shop,
          hellmonk_ecumenical_altar_leap_of_faith, basic_altar
D:3:      layout_loops_ring, gammafunk_ghost_cemetery
D:4:      kennysheep_six_static_rooms, layout_rooms,
          lemuel_coloured_pillars_altar, enter_ossuary_2, grunt_ministairs_14,
          kennysheep_small_square, uniq_menkaure
D:5:      minmay_recursive_quarters, layout_cave_pods,
          mainiacjoe_overflow_small_starburst

Skill      XL: |  1  2  3  4  5  6  7 |
---------------+----------------------+-----
Axes           | 2 3 4 5 6 7 |  7.0
Fighting       | 4 |  4.2
Dodging        | 1 |  1.0
Armour         | |  3.2
Shields        | |  3.2

Action                   |  1- 3 |  4- 6 |  7- 9 || total
-------------------------+-------+-------+-------++-------
Melee: War axe           |    88 |   121 |    82 ||   291
Throw: Boomerang         |       |    20 |    10 ||    30
  Use: Scroll            |     5 |     4 |     4 ||    13
       Potion            |       |     2 |       ||     2
Armor: Scale mail        |    69 |    75 |    27 ||   171
Dodge: Dodged            |    46 |    70 |    29 ||   145
Block: Buckler           |    19 |    18 |     9 ||    46

Table legend:
 A = Non-vault XP
 B = Vault XP
 C = Vault XP percentage of total XP
 D = Non-vault monster count
 E = Vault monster count
 F = Vault count percentage of total count
                 A         B        C        D         E       F
            +---------+---------+-------+---------+---------+-------
      Total |     518 |     409 |  44.1 |      69 |      23 |  25.0
            +---------+---------+-------+---------+---------+-------
        D:1 |      28 |       0 |   0.0 |      17 |       0 |   0.0
        D:2 |      76 |       2 |   2.6 |      16 |       1 |   5.9
        D:3 |      98 |       0 |   0.0 |      18 |       0 |   0.0
        D:4 |     313 |      93 |  22.9 |      17 |       3 |  15.0
        D:5 |       3 |      43 |  93.5 |       1 |       3 |  75.0
    Ossuary |       0 |     271 | 100.0 |       0 |      16 | 100.0
            +---------+---------+-------+---------+---------+-------
